Map: Invader LE

Players

Jim - Winner!

  • Race: Protoss Protoss

Harstem

  • Race: Protoss Protoss

Event: DreamHack Open Tours WCS Spring Championship

VOD

Have the link to the VOD?

Description

Time

  • Played on: May 14, 2016, 3 p.m.
  • Length: 12:27

All games in this series

Show
View Real Time Build Order
Export as new Build Order

Jim Protoss - Winner!

Build Orders: Oracle Opening, Phoenix Opening 

Get SALT Encoding   

  12  0:00  Probe (Chrono Boost)  
  13  0:11  Probe (Chrono Boost)  
  14  0:17  Pylon  
  14  0:22  Probe (Chrono Boost)  
  15  0:35  Probe (Chrono Boost)  
  16  0:36  Gateway  
  16  0:42  Assimilator  
  16  0:45  Probe (Chrono Boost)  
  17  0:50  Assimilator  
  17  0:56  Probe (Chrono Boost)  
  18  1:06  Probe (Chrono Boost)  
  18  1:08  Gateway  
  19  1:17  Probe (Chrono Boost)  
  20  1:22  Cybernetics Core  
  20  1:27  Probe (Chrono Boost)  
  20  1:31  Pylon  
  21  1:38  Probe (Chrono Boost)  
  22  1:48  Probe (Chrono Boost)  
  23  1:59  Mothership Core (Chrono Boost)  
  23  2:00  Warp Gate (Chrono Boost)  
  25  2:06  Adept x2  
  29  2:10  Pylon  
  29  2:18  Probe (Chrono Boost)  
  30  2:30  Probe, Stargate  
  30  2:36  Stalker (Chrono Boost)  
  33  2:42  Probe  
  34  2:54  Probe (Chrono Boost)  
  35  3:13  Oracle (Chrono Boost)  
  35  3:16  Nexus  
  38  3:22  Pylon  
  38  3:26  Probe  
  39  3:40  Probe  
  40  3:42  Robotics Facility  
  40  3:50  Phoenix (Chrono Boost)  
  40  3:53  Probe  
  39  4:02  Assimilator  
  39  4:05  Probe  
  40  4:12  Phoenix (Chrono Boost)  
  42  4:19  Probe  
  42  4:21  Sentry  
  42  4:22  Zealot  
  47  4:27  Probe  
  47  4:31  Probe  
  49  4:32  Observer  
  49  4:37  Probe  
  50  4:43  Probe  
  54  4:45  Phoenix (Chrono Boost)  
  54  4:48  Probe  
  55  4:55  Probe  
  55  4:58  Immortal (Chrono Boost)  
  55  4:59  Probe  
  60  5:04  Pylon  
  61  5:07  Probe  
  62  5:18  Assimilator  
  62  5:20  Probe  
  62  5:22  Probe, Phoenix  
  62  5:25  Pylon  
  66  5:30  Forge  
  66  5:35  Immortal (Chrono Boost)  
  66  5:42  Probe  
  70  5:43  Probe  
  70  5:46  Twilight Council  
  72  5:55  Phoenix (Chrono Boost), Protoss Ground Weapons Level 1  
  74  6:01  Gateway  
  74  6:04  Gateway  
  74  6:08  Warp Prism  
  74  6:17  Phoenix (Chrono Boost)  
  78  6:20  Pylon  
  78  6:31  Blink (Chrono Boost)  
  78  6:34  Pylon  
  78  6:43  Sentry  
  78  6:44  Immortal, Stalker  
  86  6:56  Gateway  
  86  6:57  Gateway  
  86  6:58  Gateway  
  86  7:04  Gateway  
  86  7:12  Phoenix  
  88  7:21  Pylon  
  88  7:23  Immortal  
  92  7:37  Pylon, Phoenix  
  92  7:43  Sentry, Stalker x2  
  92  7:44  Stalker  
  102  7:48  Pylon  
  102  7:56  Stalker x2  
  106  8:11  Charge  
  106  8:14  Stalker x2  
  106  8:15  Stalker x2  
  114  8:31  Warp Prism  
  114  8:44  Protoss Ground Weapons Level 2 (Chrono Boost)  
  114  8:50  Pylon  
  114  9:07  Templar Archives  
  114  9:09  Immortal  
  118  9:16  Probe x2  
  118  9:18  Nexus  
  118  9:28  Probe, Oracle  
  117  9:31  Probe  
  118  9:40  Probe  
  118  9:44  Probe, Assimilator  
  120  9:46  Assimilator, High Templar x2  
  120  9:47  Pylon  
  120  9:50  Archon  
  120  9:51  Zealot  
  126  9:57  Pylon  
  126  10:08  Pylon  
  126  10:09  Zealot x2  
  126  10:13  High Templar x2  
  134  10:17  Zealot  
  134  10:19  Archon  
  136  10:21  Pylon  
  136  10:28  Probe  
  136  10:29  Probe x2  
  139  10:40  High Templar x2  
  139  10:41  Zealot x3  
  149  10:44  Probe  
  149  10:45  Probe x2, Archon  
  152  10:50  Zealot  
  152  10:53  Zealot  
  156  11:00  High Templar  
  156  11:02  High Templar  
  156  11:03  Zealot x2  
  164  11:07  Archon  
  162  11:16  Pylon  
  159  11:19  Zealot x3, Pylon  
  165  11:31  Pylon  
  165  11:35  High Templar x2  
  165  11:37  Zealot, High Templar x2  
  175  11:41  Archon x2  
  175  11:42  Zealot x3  
  181  11:48  Pylon  
  181  11:59  Zealot  
  122  12:08  Zealot x3  
  122  12:09  Zealot x2  
  122  12:10  Zealot  
  110  12:17  Zealot  
Show
View Real Time Build Order
Export as new Build Order

Harstem Protoss 

Build Orders: Double Forge, Zealot Archon 

Get SALT Encoding   

  12  0:01  Probe (Chrono Boost)  
  13  0:11  Probe (Chrono Boost)  
  14  0:17  Pylon  
  14  0:22  Probe (Chrono Boost)  
  15  0:36  Probe (Chrono Boost), Gateway  
  16  0:46  Probe (Chrono Boost)  
  16  0:48  Assimilator  
  17  0:52  Assimilator  
  18  0:57  Probe (Chrono Boost)  
  18  1:04  Gateway  
  18  1:07  Probe (Chrono Boost)  
  19  1:18  Probe (Chrono Boost)  
  20  1:23  Cybernetics Core  
  20  1:28  Probe (Chrono Boost)  
  21  1:37  Pylon  
  21  1:39  Probe (Chrono Boost)  
  22  1:49  Probe (Chrono Boost)  
  23  2:00  Stalker (Chrono Boost), Mothership Core (Chrono Boost)  
  23  2:01  Warp Gate (Chrono Boost)  
  27  2:12  Stalker (Chrono Boost)  
  29  2:17  Pylon  
  31  2:30  Sentry (Chrono Boost)  
  31  2:48  Nexus  
  31  2:50  Sentry (Chrono Boost)  
  33  2:58  Stalker  
  35  3:13  Pylon  
  35  3:16  Stalker  
  35  3:17  Probe (Chrono Boost)  
  38  3:28  Probe (Chrono Boost)  
  39  3:36  Robotics Facility  
  39  3:39  Probe (Chrono Boost)  
  40  3:50  Probe (Chrono Boost)  
  40  4:00  Probe x2 (Chrono Boost)  
  42  4:11  Probe x2 (Chrono Boost)  
  44  4:20  Probe (Chrono Boost)  
  44  4:21  Probe (Chrono Boost)  
  44  4:22  Twilight Council  
  47  4:24  Observer (Chrono Boost)  
  47  4:30  Stalker  
  49  4:31  Probe (Chrono Boost)  
  49  4:33  Probe (Chrono Boost)  
  51  4:42  Probe (Chrono Boost)  
  51  4:44  Probe (Chrono Boost)  
  53  4:48  Forge  
  53  4:49  Blink (Chrono Boost)  
  53  4:53  Probe (Chrono Boost), Assimilator  
  53  4:55  Forge  
  53  4:57  Probe (Chrono Boost)  
  55  5:03  Probe  
  56  5:08  Stalker  
  56  5:10  Probe  
  59  5:15  Probe  
  59  5:20  Pylon, Protoss Ground Weapons Level 1 (Chrono Boost)  
  60  5:22  Probe  
  60  5:27  Probe, Pylon  
  62  5:28  Assimilator  
  62  5:32  Pylon  
  62  5:39  Probe  
  62  5:40  Stalker  
  62  5:41  Probe  
  65  5:44  Stalker  
  67  5:51  Probe (Chrono Boost)  
  67  5:54  Probe (Chrono Boost)  
  69  6:04  Probe (Chrono Boost)  
  70  6:05  Stalker  
  70  6:09  Probe (Chrono Boost)  
  73  6:13  Stalker  
  73  6:15  Gateway  
  73  6:17  Probe (Chrono Boost), Templar Archives  
  76  6:21  Probe (Chrono Boost)  
  77  6:27  Probe (Chrono Boost)  
  78  6:33  Nexus  
  78  6:35  Probe (Chrono Boost)  
  78  6:37  Pylon  
  79  6:41  Immortal (Chrono Boost)  
  79  6:44  Charge  
  79  6:45  Pylon  
  79  6:46  Probe  
  84  6:52  Zealot  
  86  7:05  High Templar  
  88  7:09  Gateway  
  88  7:12  Gateway  
  88  7:13  Protoss Ground Weapons Level 2 (Chrono Boost)  
  88  7:15  High Templar, Gateway x2  
  90  7:17  Probe  
  90  7:18  Probe  
  90  7:20  Zealot  
  93  7:25  Pylon  
  94  7:32  Archon  
  94  7:33  Pylon  
  93  7:39  High Templar  
  93  7:42  High Templar  
  93  7:43  Pylon  
  97  7:52  Archon  
  97  7:54  Zealot  
  103  8:01  Pylon  
  103  8:03  Gateway  
  102  8:08  Zealot  
  102  8:09  Probe  
  105  8:15  Zealot x6  
  115  8:22  Immortal (Chrono Boost)  
  115  8:32  High Templar  
  115  8:33  Probe  
  117  8:36  Pylon, High Templar  
  117  8:37  Zealot x2, Pylon  
  117  8:40  Archon  
  119  8:42  Zealot  
  119  8:45  Zealot  
  122  8:52  Stalker  
  128  8:56  Immortal (Chrono Boost)  
  128  8:57  Probe  
  128  8:59  Probe  
  125  9:04  High Templar x2  
  125  9:05  Zealot x2  
  133  9:11  Archon  
  133  9:14  Phoenix  
  129  9:22  Zealot x2  
  133  9:31  Nexus  
  128  9:38  Warp Prism (Chrono Boost)  
  130  9:42  Zealot  
  132  9:47  High Templar  
  132  9:50  Pylon  
  134  9:58  Pylon  
  134  10:00  Pylon  
  134  10:08  Probe x2  
  136  10:15  Zealot x3  
  136  10:19  Observer (Chrono Boost)  
  136  10:20  Zealot  
  145  10:23  Zealot  
  147  10:39  High Templar  
  147  10:40  Zealot, High Templar x2  
  147  10:41  Zealot  
  157  10:44  Pylon  
  157  10:45  Probe  
  157  10:46  Archon  
  157  10:48  Zealot x2, Archon  
  162  11:09  Probe  
  162  11:10  Probe  
  161  11:16  Zealot x4  
  170  11:29  Probe  
  170  11:32  Pylon  
  171  11:34  High Templar  
  171  11:35  High Templar  
  171  11:36  Pylon  
  171  11:38  Zealot x2  
  171  11:39  Archon  
  179  11:41  Zealot  
  179  11:46  Pylon  
  181  11:50  Probe  
  182  11:58  Zealot x4  
  155  12:01  Zealot  
  155  12:06  Zealot  
  113  12:10  Zealot x2  
  99  12:19  Zealot x2  

Tags
 
Add a new tag
Caveats
  • Supply blocks, unpowered buildings, or Contaminate may cause inaccurate times.
  • Supply counts are checked every 10 seconds.